 Dungeon Crawl Stone Soup version 0.29-a0-397-g846e4a0bbc (webtiles) character file.

Game seed: 6897611290466103845

115107 jlumianski the Cleaver (level 16, -1/141 HPs)
             Began as a Demonspawn Fighter on May 11, 2022.
             Was a High Priest of Qazlal.
             Succumbed to domi's ghost's toxic radiance
             ... on level 6 of the Lair of Beasts on May 12, 2022.
             The game lasted 02:34:22 (24391 turns).

jlumianski the Cleaver (Demonspawn Fighter)        Turns: 24391, Time: 02:34:22

Health: -1/141     AC: 31    Str: 23    XL:     16   Next: 17%
Magic:  35/35      EV: 17    Int:  8    God:    Qazlal [*****.]
Gold:   3481       SH: 23    Dex: 14    Spells: 15/15 levels left

rFire   + . .      SeeInvis +   D - +3 hand axe "Zubrouvo" {flame, rF+}
rCold   + . .      Faith    .   k - +3 kite shield "Domn" {rN+}
rNeg    + . .      Spirit   .   u - +9 chain mail of the Miller {MP+9}
rPois   .          Reflect  .   (helmet unavailable)
rElec   .          Harm     .   j - +2 cloak
rCorr   .          Rampage  .   W - +0 pair of gloves
Will    +....                   y - +1 pair of boots
Stlth   ..........              v - amulet of regeneration
HPRegen 1.13/turn               E - +4 ring of evasion
MPRegen 0.48/turn               n - +4 ring of evasion

@: lethally poisoned (-1 -> -6), studying 2 skills, repel missiles
A: antennae 3, icy blue scales 3, powered by pain 3, magic regeneration, talons
1, dopey 1, sense surroundings 1, robust 1
a: Renounce Religion, Upheaval, Elemental Force, Disaster Area


You were on level 6 of the Lair of Beasts.
You worshipped Qazlal.
Qazlal was extremely pleased with you.
You visited 4 branches of the dungeon, and saw 24 of its levels.
You visited 1 bazaar.
You also visited: Bailey.

You collected 4450 gold pieces.
You spent 969 gold pieces at shops.

Inventory:

Hand Weapons
 D - the +3 hand axe "Zubrouvo" (weapon) {flame, rF+}
   (You found it on level 7 of the Dungeon)

   It burns those it strikes, dealing additional fire damage.
   Big, fiery blades are also staple armaments of hydra-hunters.
   rF:        It protects you from fire.
Missiles
 o - 5 atropa-tipped darts
 t - 4 curare-tipped darts
 J - a throwing net
 M - 17 boomerangs (quivered)
 T - a boomerang of dispersal
 V - 4 javelins
Armour
 e - the +1 scale mail of Unreason {rC- rN+ Regen+ Slay+3}
   (You found it on level 6 of the Lair of Beasts)

   Slay:      It affects your accuracy & damage with ranged weapons and melee
   (+3).
   rC:        It makes you vulnerable to cold.
   rN:        It protects you from negative energy.
   Regen:     It increases your rate of health regeneration.
 j - a +2 cloak (worn)
 k - the +3 kite shield "Domn" (worn) {rN+}
   (You acquired it on level 7 of the Dungeon)

   rN:        It protects you from negative energy.
 u - the +9 chain mail of the Miller (worn) {MP+9}
   (You found it on level 6 of the Dungeon)

   MP:        It affects your magic capacity (+9).
 y - a +1 pair of boots (worn)
 W - a +0 pair of gloves (worn)
Jewellery
 a - a ring of ice
 g - a ring of ice
 n - a +4 ring of evasion (right hand)
 v - an amulet of regeneration (around neck)
 w - a ring of resist corrosion
 C - a +4 ring of protection
 E - a +4 ring of evasion (left hand)
 X - a ring of poison resistance
Wands
 b - a wand of mindburst (24)
 r - a wand of charming (5)
 B - a wand of acid (7)
 F - a wand of paralysis (8)
 S - a wand of digging (8)
 Z - a wand of iceblast (20)
Scrolls
 c - 3 scrolls of identify
 f - 2 scrolls of silence
 m - 3 scrolls of fog
 q - 3 scrolls of blinking
 s - 7 scrolls of teleportation
 z - 2 scrolls of poison
 G - a scroll of magic mapping
 H - a scroll of acquirement
 I - a scroll of amnesia
 R - 7 scrolls of fear
Potions
 d - 2 potions of ambrosia
 l - 3 potions of flight
 p - 9 potions of curing
 x - 7 potions of heal wounds
 A - 2 potions of invisibility
 K - 4 potions of might
 L - 3 potions of cancellation
 P - a potion of berserk rage
 Q - 3 potions of haste
 Y - a potion of attraction
Miscellaneous
 h - a phial of floods
 i - a condenser vane
 O - a tin of tremorstones (inert)
 U - a box of beasts


   Skills:
 + Level 12.4 Fighting
 + Level 14.2 Axes
 - Level 6.4 Throwing
 + Level 9.3 Armour
 + Level 5.7 Dodging
 - Level 3.4 Stealth
 + Level 13.6 Shields
 * Level 14.0 Invocations
 * Level 8.0 Evocations


You had 15 spell levels left.
You didn't know any spells.
Your spell library contained the following spells:

 Spells                   Type           Power      Damage    Failure   Level
 Pain                     Necr           0%         1d4       99%         1
 Ensorcelled Hibernation  Hex/Ice        0%         N/A       100%        2
 Passwall                 Tmut/Erth      0%         N/A       100%        2
 Scorch                   Fire           0%         2d5       100%        2
 Ozocubu's Armour         Ice            0%         N/A       100%        3
 Portal Projectile        Hex/Tloc       0%         N/A       100%        3
 Stone Arrow              Conj/Erth      0%         3d7       100%        3
 Swiftness                Air            0%         N/A       100%        3
 Animate Armour           Summ/Erth      0%         N/A       100%        4
 Flame Wave               Conj/Fire      0%         2d4       100%        4
 Leda's Liquefaction      Hex/Erth       0%         N/A       100%        4
 Agony                    Necr           0%         N/A       100%        5
 Blade Hands              Tmut           0%         N/A       100%        5
 Excruciating Wounds      Necr           0%         N/A       100%        5
 Lee's Rapid Deconstruct  Erth           0%         3d5*      100%        5
 Metabolic Englaciation   Hex/Ice        0%         N/A       100%        5
 Conjure Ball Lightning   Conj/Air       0%         3x3d6     100%        6
 Simulacrum               Ice/Necr       0%         N/A       100%        6
 Statue Form              Tmut/Erth      0%         N/A       100%        6
 Summon Cactus Giant      Summ           0%         N/A       100%        6
 Discord                  Hex            0%         N/A       100%        8
 Disjunction              Tloc           0%         N/A       100%        8
 Lehudib's Crystal Spear  Conj/Erth      0%         10d2      100%        8


Dungeon Overview and Level Annotations

Branches:
Dungeon (15/15)            Temple (1/1) D:5            Lair (6/6) D:9
 Shoals (0/4) Lair:4       Spider (0/4) Lair:4        Slime (0/5) Lair:6
    Orc (2/2) D:9             Elf (0/3) Orc:2        Vaults (0/5) D:14
 Depths (0/4) D:15         Bailey (visited)

Altars:
Ashenzari
Cheibriados
Dithmenos
Elyvilon
Fedhas
Gozag
Hepliaklqana
Kikubaaqudgha
Makhleb
Nemelex Xobeh
Okawaru
Qazlal
Ru
Sif Muna
Trog
Uskayaw
Vehumet
Wu Jian
Xom
Yredelemnul
Zin
The Shining One
Beogh

Shops:
D:13 [   Orc:2 =([=**

Annotations:
D:3 2 transporters, NinjaNoafa's ghost, amateur TrFi
Lair:4 2 transporters
Lair:6 domi's ghost, journeyman DsWz


Innate Abilities, Weirdness & Mutations

You have a pair of large antennae on your head. (SInv)
You are completely covered in icy blue scales. (AC +4, rC+)
You are powered by pain.
You regenerate magic rapidly.
You have sharp toenails.
You are dopey. (Int -2)
You passively map a small area around you.
You are robust. (+10% HP)


Message History

Your fire elemental disappears in a puff of smoke!
Domi's ghost gestures wildly while chanting.
Domi's ghost begins to radiate toxic energy.
* * * LOW HITPOINT WARNING * * *
You are more poisoned.
Your fire elemental barely misses domi's ghost.
You feel sick.
* * * LOW HITPOINT WARNING * * *
You are more poisoned.
Domi's ghost mumbles some strange words.
Your fire elemental hits domi's ghost.
You feel very sick.
* * * LOW HITPOINT WARNING * * *
You are more poisoned.
Domi's ghost hits your fire elemental.
Your fire elemental closely misses domi's ghost.
The crimson imp blinks!
You feel very sick.
* * * LOW HITPOINT WARNING * * *
You are more poisoned.
Your fire elemental hits domi's ghost.
Your water elemental closely misses domi's ghost.
Your fire elemental misses domi's ghost.
The shadow imp puffs mist at you.
You feel sick.
Your water elemental disappears in a puff of smoke!
* * * LOW HITPOINT WARNING * * *
You are more poisoned.
Your fire elemental hits domi's ghost.
Your earth elemental completely misses domi's ghost.
The shadow imp attacks as you move away!
You block the shadow imp's attack.
You feel very sick.
* * * LOW HITPOINT WARNING * * *
You are more poisoned.
Domi's ghost hits your earth elemental but does no damage.
Your fire elemental closely misses domi's ghost.
The shadow imp attacks as you move away!
The shadow imp misses you.
You die...

≈≈≈..#..............###..####....
≈≈≈..#............?.# #### ##...
≈≈≈≈.#.........#...## #....
≈≈≈≈.≈..#...........## #....
≈≈≈≈.≈.........#.....# ##.#≈
##≈≈.≈..............## #...♣
#≈≈≈≈≈..#...........# #####
#≈≈≈.≈P.....#..○....#
≈≈≈≈≈...........@○§##
≈≈P.≈........)°.°°.P#
P≈≈.......#.....5..##
≈≈..≈.........°.§..##
≈≈≈.................#
≈≈..≈.....####''E####
≈≈........#.....W.§=#
≈..≈.P..#.#8....5E.8#
...≈#.....#........$#


You could see domi's ghost (toxic aura, ally target), a crimson imp (summoned),
a shadow imp (summoned), a friendly earth elemental (summoned) and a friendly
fire elemental (summoned).

Vanquished Creatures
  Saint Roka (Orc:2)
  The ghost of Porchav the Black Sun, a journeyman DrNe of Kikubaaqudgha (Lair:6)
  An orc warlord (Bailey)
  The ghost of BigDaddyOpFi the Fighter, a journeyman DrFi of Makhleb (Lair:6)
  A stone giant (D:15)
  Snorg (D:11)
  Josephine (D:13)
  An ettin (Orc:2)
  An ogre mage (D:15)
  7 boulder beetles
  2 catoblepae (D:12)
  7 two-headed ogres
  9 hydras
  6 centaur warriors
  2 dancing weapons (D:13)
  A death knight (D:15)
  4 tengu warriors
  Urug (Orc:2)
  An orc high priest (Orc:2)
  5 death yaks (Lair:6)
  Sonja (Lair:1)
  6 skeletal warriors
  A death drake (shapeshifter) (D:13)
  2 goliath frogs (Lair:6)
  4 orc knights
  A wizard (D:14)
  A harpy (shapeshifter) (D:12)
  3 deep elf pyromancers
  An oklob plant (Lair:5)
  An orange crystal statue (Orc:2)
  12 ugly things
  4 orc sorcerers
  4 cyclopes
  A manticore (shapeshifter) (D:14)
  24 elephants
  Maurice (D:11)
  A merfolk siren (Lair:4)
  3 manticores
  4 black mambas
  21 cane toads
  A gargoyle (D:12)
  13 komodo dragons
  2 unseen horrors (D:13)
  3 rime drakes
  Psyche (D:11)
  An efreet (D:13)
  A freezing wraith (D:15)
  A tengu conjurer (D:14)
  7 trolls
  2 tyrant leeches (Lair:6)
  3 polar bears
  A tarantella (Lair:4)
  21 slime creatures
  23 blink frogs
  2 shadows
  Sigmund (D:3)
  2 vampires
  6 wraiths
  2 wyverns
  43 yaks
  Grum (D:11)
  5 basilisks
  A human (shapeshifter) (D:13)
  2 redbacks (D:13)
  2 steam dragons
  5 vampire mosquitoes
  2 wargs (Orc:1)
  Menkaure (D:7)
  2 acid dragons (D:9)
  11 water moccasins
  47 orc warriors
  An ice beast (D:6)
  2 black bears
  5 ogres
  27 wolves
  23 centaurs
  A kobold brigand (D:10)
  14 bullfrogs
  4 scorpions
  A necrophage (D:6)
  10 wights
  10 killer bees
  5 electric eels
  5 howler monkeys
  15 orc priests
  A gnoll shaman (D:6)
  4 hounds
  3 jellies
  6 iguanas
  21 orc wizards
  8 hell rats
  4 adders
  11 gnolls
  7 river rats (Lair:1)
  3 shadow imps
  2 white imps
  2 ufetubi
  A worm (D:3)
  73 orcs
  2 endoplasms
  A giant cockroach (D:1)
  18 goblins
  14 hobgoblins
  3 ball pythons
  7 bats
  7 frilled lizards
  11 kobolds
  6 rats
  3 rat zombies (D:3)
  2 bushes (Lair:5)
708 creatures vanquished.

Vanquished Creatures (collateral kills)
  The ghost of Akli Xiu the Stormcaller, a journeyman OpAE of Gozag (Lair:6)
  2 two-headed ogres (D:15)
  A death yak (Lair:6)
  2 skeletal warriors (D:14)
  A komodo dragon (Lair:6)
  An ogre (D:15)
8 creatures vanquished.

Vanquished Creatures (others)
  54 fungi
  121 plants
  2 withered plants (Lair:6)
177 creatures vanquished.

Grand Total: 893 creatures vanquished

Notes
Turn   | Place    | Note
-------+----------+-------------------------------------------
     0 | D:1      | jlumianski the Demonspawn Fighter began the quest for the
                  | Orb.
     0 | D:1      | Reached XP level 1. HP: 18/18 MP: 1/1
   228 | D:1      | Found a faded altar of an unknown god.
   485 | D:1      | Gained mutation: You are partially covered in icy blue
                  | scales. (AC +2) [demonic ancestry]
   485 | D:1      | Reached XP level 2. HP: 24/24 MP: 2/2
  1146 | D:3      | Noticed Sigmund
  1275 | D:2      | Gained mutation: You are mostly covered in icy blue scales.
                  | (AC +3) [demonic ancestry]
  1275 | D:2      | Reached XP level 3. HP: 27/29 MP: 3/3
  1371 | D:2      | Reached XP level 4. HP: 35/35 MP: 4/4
  1899 | D:3      | Killed Sigmund
  1900 | D:3      | Gained mutation: You have a pair of small antennae on your
                  | head. [demonic ancestry]
  1900 | D:3      | Reached XP level 5. HP: 20/42 MP: 5/5
  2093 | D:2      | Gained mutation: You sometimes gain a little power by
                  | taking damage. [demonic ancestry]
  2093 | D:2      | Reached XP level 6. HP: 46/48 MP: 6/6
  2132 | D:3      | Found an ancient bone altar of Kikubaaqudgha.
  2199 | D:3      | Found a transporter.
  2487 | D:3      | Noticed NinjaNoafa's ghost (amateur TrFi)
  2617 | D:3      | Found a transporter.
  2801 | D:4      | Noticed a yak
  2801 | D:4      | Noticed a yak
  2860 | D:3      | Killed a yak
  2861 | D:3      | Reached skill level 1 in Dodging
  3152 | D:4      | Reached skill level 5 in Axes
  3152 | D:4      | Reached XP level 7. HP: 48/54 MP: 7/7
  3416 | D:5      | Entered Level 5 of the Dungeon
  3575 | D:4      | Noticed a yak
  3582 | D:4      | Noticed a yak
  3636 | D:3      | Killed a yak
  3641 | D:4      | Noticed a yak
  3650 | D:3      | Killed a yak
  3651 | D:3      | Reached skill level 1 in Throwing
  3651 | D:3      | Reached XP level 8. HP: 48/61 MP: 8/8
  3712 | D:4      | Reached skill level 5 in Armour
  4310 | D:6      | Identified the +9 chain mail of the Miller {MP+9}
  4415 | D:5      | Found a staircase to the Ecumenical Temple.
  4433 | Temple   | Entered the Ecumenical Temple
  4581 | Temple   | Became a worshipper of Qazlal Stormbringer
  4784 | D:6      | Reached skill level 5 in Fighting
  5385 | D:6      | Gained mutation: You sometimes gain power by taking damage.
                  | [demonic ancestry]
  5385 | D:6      | Reached XP level 9. HP: 68/68 MP: 9/9
  5576 | D:6      | Reached * piety under Qazlal
  6013 | D:7      | Found a flagged portal.
  6030 | D:7      | Identified the +3 hand axe "Zubrouvo" {flame, rF+}
  6075 | Bailey   | Entered a bailey
  6186 | Bailey   | Noticed an orc knight
  6205 | Bailey   | Killed an orc knight
  6206 | Bailey   | Reached skill level 5 in Shields
  6283 | Bailey   | Reached ** piety under Qazlal
  6286 | Bailey   | Gained mutation: You have a pair of antennae on your head.
                  | [demonic ancestry]
  6286 | Bailey   | Reached XP level 10. HP: 49/77 MP: 10/10
  6381 | Bailey   | Reached skill level 1 in Invocations
  6440 | Bailey   | Noticed an orc warlord
  6466 | Bailey   | Reached skill level 1 in Stealth
  6468 | Bailey   | Killed an orc warlord
  6581 | D:7      | Acquired the +3 kite shield "Domn" {rN+}
  6886 | D:7      | Reached skill level 10 in Axes
  6978 | D:8      | Noticed a two-headed ogre
  7001 | D:7      | Noticed Menkaure
  7011 | D:7      | Killed Menkaure
  7239 | D:8      | Killed a two-headed ogre
  7436 | D:9      | Reached *** piety under Qazlal
  7570 | D:9      | Gained mutation: You possess an exceptional clarity of
                  | mind. [potion of mutation]
  7570 | D:9      | Gained mutation: Your body sometimes deteriorates upon
                  | taking damage. [potion of mutation]
  7570 | D:9      | Gained mutation: Your body often deteriorates upon taking
                  | damage. [potion of mutation]
  7570 | D:9      | Gained mutation: You have a pair of large antennae on your
                  | head. (SInv) [potion of mutation]
  7571 | D:9      | Lost mutation: You have a pair of large antennae on your
                  | head. (SInv) [potion of mutation]
  7571 | D:9      | Lost mutation: Your body often deteriorates upon taking
                  | damage. [potion of mutation]
  7571 | D:9      | Lost mutation: You possess an exceptional clarity of mind.
                  | [potion of mutation]
  7571 | D:9      | Gained mutation: You are dopey. (Int -2) [potion of
                  | mutation]
  7571 | D:9      | Gained mutation: You have hidden genetic potential. [potion
                  | of mutation]
  7571 | D:9      | Gained mutation: Your spells are a little harder to cast,
                  | but a little more powerful. [potion of mutation]
  7572 | D:9      | Lost mutation: Your spells are a little harder to cast, but
                  | a little more powerful. [potion of mutation]
  7572 | D:9      | Lost mutation: Your body sometimes deteriorates upon taking
                  | damage. [potion of mutation]
  7572 | D:9      | Lost mutation: You have hidden genetic potential. [potion
                  | of mutation]
  7572 | D:9      | Lost mutation: You are dopey. (Int -2) [potion of mutation]
  7572 | D:9      | Gained mutation: You are strong-willed. (Will+) [potion of
                  | mutation]
  7572 | D:9      | Gained mutation: You have hidden genetic defects. [potion
                  | of mutation]
  7576 | D:9      | Found a staircase to the Orcish Mines.
  7680 | D:9      | Reached skill level 5 in Invocations
  7680 | D:9      | Gained mutation: You are completely covered in icy blue
                  | scales. (AC +4, rC+) [demonic ancestry]
  7680 | D:9      | Reached XP level 11. HP: 77/84 MP: 14/14
  7922 | D:9      | Found a staircase to the Lair.
  8463 | D:10     | Entered Level 10 of the Dungeon
  8654 | D:10     | Identified the +2 helmet "Nufosioj" {Str+3 Stlth+}
  8719 | D:10     | Gained mutation: You sometimes lose the ability to read
                  | scrolls when taking damage. [hidden defects]
  8771 | Lair:1   | Entered Level 1 of the Lair of Beasts
  8791 | D:9      | Lost mutation: You sometimes lose the ability to read
                  | scrolls when taking damage. [potion of mutation]
  8791 | D:9      | Lost mutation: You have hidden genetic defects. [potion of
                  | mutation]
  8791 | D:9      | Lost mutation: You are strong-willed. (Will+) [potion of
                  | mutation]
  8791 | D:9      | Gained mutation: You have sharp toenails. [potion of
                  | mutation]
  8791 | D:9      | Gained mutation: You passively map a small area around you.
                  | [potion of mutation]
  8875 | D:10     | Noticed a two-headed ogre
  8887 | D:10     | Killed a two-headed ogre
  8941 | D:10     | Noticed a two-headed ogre
  8949 | D:10     | Killed a two-headed ogre
  9183 | D:11     | Noticed a five-headed hydra
  9193 | D:11     | Killed a one-headed hydra
  9204 | D:11     | Noticed Grum
  9214 | D:11     | Killed Grum
  9243 | D:11     | Noticed Maurice
  9247 | D:11     | Killed Maurice
  9250 | D:11     | Noticed a boulder beetle
  9289 | D:11     | Killed a boulder beetle
  9348 | D:11     | Noticed Snorg
  9376 | D:11     | Killed Snorg
  9520 | D:11     | Noticed Psyche
  9533 | D:11     | Killed Psyche
  9595 | D:11     | Noticed a boulder beetle
  9630 | D:11     | Killed a boulder beetle
  9660 | D:11     | Noticed a red ugly thing
  9689 | D:11     | Killed a red ugly thing
  9841 | D:11     | Reached XP level 12. HP: 85/92 MP: 17/17
  9909 | D:11     | Noticed a two-headed ogre
  9922 | D:11     | Killed a two-headed ogre
 10311 | D:12     | Noticed a boulder beetle
 10314 | D:12     | Noticed a two-headed ogre
 10370 | D:11     | Killed a two-headed ogre
 10433 | D:11     | Killed a boulder beetle
 11208 | D:13     | Noticed a centaur warrior
 11208 | D:13     | Noticed a tengu warrior
 11217 | D:12     | Killed a tengu warrior
 11260 | D:12     | Killed a centaur warrior
 11320 | D:12     | Acquired a manual of Fighting
 11322 | D:12     | Acquired 1240 gold pieces
 11371 | D:13     | Noticed a catoblepas
 11376 | D:13     | Noticed a boulder beetle
 11379 | D:13     | Reached **** piety under Qazlal
 11379 | D:13     | Noticed a catoblepas
 11414 | D:12     | Killed a catoblepas
 11492 | D:12     | Killed a catoblepas
 11527 | D:12     | Killed a boulder beetle
 11572 | D:13     | Gained mutation: You regenerate magic rapidly. [demonic
                  | ancestry]
 11572 | D:13     | Reached XP level 13. HP: 89/99 MP: 20/20
 11843 | D:13     | Reached skill level 10 in Invocations
 11871 | D:13     | Found a snail-covered altar of Cheibriados.
 11871 | D:13     | Found Cheibriados's Comfort Zone.
 12436 | D:13     | Reached skill level 10 in Shields
 12436 | D:13     | Reached skill level 1 in Evocations
 12826 | D:14     | Noticed Josephine
 12928 | D:13     | Killed Josephine
 13782 | D:14     | You fall into a shaft and drop 1 floor!
 13782 | D:15     | Entered Level 15 of the Dungeon
 13878 | D:15     | Found a gate leading to a gauntlet.
 13894 | D:14     | Gained mutation: You have a pair of large antennae on your
                  | head. (SInv) [demonic ancestry]
 13894 | D:14     | Reached XP level 14. HP: 73/109 MP: 22/22
 14007 | D:14     | Found a gate to the Vaults.
 14007 | D:14     | Identified the +2 mace of the Last Portals {antimagic,
                  | rCorr}
 14240 | D:14     | Reached skill level 5 in Dodging
 14479 | D:15     | Paralysed by an ogre mage for 2 turns
 14492 | D:15     | Reached skill level 10 in Fighting
 14651 | D:15     | Found a bloodstained altar of Trog.
 14896 | D:15     | Upgraded the game from 0.29-a0-393-g47a863cc1b to
                  | 0.29-a0-397-g846e4a0bbc
 14918 | D:15     | Found a staircase to the Depths.
 14918 | D:15     | Noticed a stone giant
 14972 | D:15     | Killed a stone giant
 14973 | D:15     | Reached skill level 5 in Evocations
 15388 | Orc:1    | Entered Level 1 of the Orcish Mines
 15432 | Orc:1    | You fall into a shaft and drop 1 floor!
 15432 | Orc:2    | Entered Level 2 of the Orcish Mines
 15440 | Orc:2    | Found Syliaczo's Jewellery Boutique.
 16062 | Orc:1    | Reached ***** piety under Qazlal
 16322 | Orc:2    | Found a gateway to a bazaar.
 16345 | Bazaar   | Entered a bazaar
 16345 | Bazaar   | Found Tunk's Weapon Emporium.
 16345 | Bazaar   | Found Maazxypp's Book Shoppe.
 16345 | Bazaar   | Found Wosm's Distillery.
 16347 | Bazaar   | Found Zuwy's Antique Weapon Shoppe.
 16347 | Bazaar   | Found Wehiegod's Weapon Boutique.
 16373 | Bazaar   | Bought a potion of mutation for 104 gold pieces
 16373 | Bazaar   | Bought a potion of heal wounds for 65 gold pieces
 16604 | Orc:2    | Noticed Saint Roka
 16660 | Orc:2    | Killed Saint Roka
 16720 | Orc:2    | Gained mutation: You are robust. (+10% HP) [a neqoxec]
 16726 | Orc:2    | Gained mutation: You are dopey. (Int -2) [a neqoxec]
 16730 | Orc:2    | Noticed Urug
 16754 | Orc:2    | Killed Urug
 16921 | Orc:2    | Found Cemace's Antique Weapon Emporium.
 16953 | Orc:2    | Found Neycul's Antique Armour Emporium.
 16961 | Orc:2    | Bought a runed scarf for 320 gold pieces
 17025 | Orc:2    | Found a staircase to the Elven Halls.
 17082 | Orc:2    | Found Uposhipy's Assorted Antiques.
 17092 | Orc:2    | Bought 2 potions of mutation for 480 gold pieces
 17119 | Orc:2    | Found Xeaz's General Store.
 17134 | Orc:2    | Found Qagunirgh's Jewellery Emporium.
 17451 | Orc:1    | Paralysed by an orc sorcerer for 2 turns
 17939 | Lair:1   | Acquired a manual of Throwing
 18194 | Lair:1   | Noticed Sonja
 18221 | Lair:1   | Killed Sonja
 18222 | Lair:1   | Gained mutation: You are powered by pain. [demonic
                  | ancestry]
 18222 | Lair:1   | Reached XP level 15. HP: 59/130 MP: 24/24
 19697 | Lair:3   | Found an opulent altar of Gozag.
 20484 | Lair:4   | Found a hole to the Spider Nest.
 20884 | Lair:4   | Found a transporter.
 20886 | Lair:4   | Found a transporter.
 21335 | Lair:4   | Found a staircase to the Shoals.
 22304 | Lair:5   | Reached skill level 5 in Throwing
 22424 | Lair:5   | Found a blossoming altar of Fedhas.
 22868 | Lair:6   | Entered Level 6 of the Lair of Beasts
 23059 | Lair:5   | Reached ****** piety under Qazlal
 23158 | Lair:6   | Found a staircase to the Slime Pits.
 23481 | Lair:6   | Reached XP level 16. HP: 139/139 MP: 26/26
 23851 | Lair:6   | Identified the +1 scale mail of Unreason {rC- rN+ Regen+
                  | Slay+3}
 23854 | Lair:6   | Found a runed translucent gate.
 23854 | Lair:6   | Found a runed translucent gate.
 23854 | Lair:6   | Found a runed translucent gate.
 23855 | Lair:6   | Noticed domi's ghost (journeyman DsWz)
 23855 | Lair:6   | Noticed BigDaddyOpFi's ghost (journeyman DrFi)
 23855 | Lair:6   | Noticed Porchav's ghost (journeyman DrNe)
 23855 | Lair:6   | Noticed Akli Xiu's ghost (journeyman OpAE)
 23855 | Lair:6   | Found the ring of the Hare {EV+8}
 24317 | Lair:6   | Killed Akli Xiu's ghost
 24350 | Lair:6   | Killed BigDaddyOpFi's ghost
 24382 | Lair:6   | Killed Porchav's ghost
 24390 | Lair:6   | HP: 6/141 [poisoned by domi's ghost (toxic radiance)]
 24390 | Lair:6   | HP: 1/141 [domi's ghost/Olgreb's Toxic Radiance (5)]
 24391 | Lair:6   | Succumbed to domi's ghost's toxic radiance

Illustrated notes

Levels and vault maps discovered:
D:1:      dpeg_arrival_houses_and_road, layout_loops_ring,
          dreamdust_ecumenical_altar_hidden_monk_grotto
D:2:      layout_loops_ring
D:3:      layout_rooms, lemuel_zombie_altar_kikubaaqudgha,
          gammafunk_ghost_smash, kennysheep_boxes, uniq_sigmund
D:4:      layout_basic, small_statue_intersection
D:5:      layout_rooms, minmay_temple_entry_fiery, kennysheep_crisscross
D:6:      layout_rooms
D:7:      layout_rooms, enter_bailey_2, uniq_menkaure
D:8:      layout_basic, special_room [special_room_kobold]
D:9:      layout_stronghold, lair_entry_dummy, david_orc_5,
          minmay_stone_trees_small
D:10:     layout_loops_cross
D:11:     layout_irregular_city, uniq_psyche, uniq_snorg, uniq_maurice,
          uniq_grum
D:12:     layout_long_grid
D:13:     layout_loops_ring, minmay_shop_chei, minmay_fractal_squares_5
D:14:     layout_basic, erik_vaults_1, dk_noncrumbling_3, uniq_josephine
D:15:     grunt_enter_depths_snipers, layout_loops_cross,
          gauntlet_entry_generic, trog_three_pillars_becter
Temple:   mainiacjoe_temple_archimedes_tessellation
Lair:1:   layout_chaotic_city, kennysheep_rathole, uniq_sonja
Lair:2:   layout_loops_ring, serial_bayou_shore_b, serial_bayou_shore_a,
          infiniplex_staircase_pool
Lair:3:   layout_small_grid, serial_bayou_pond_a, nicolae_quartered_pool_super,
          lemuel_centaur_altar
Lair:4:   gammafunk_boulding_lane, layout_cave_shapes,
          minmay_shoals_entry_lonely_mermaid, spider_nest_entry_rubble
Lair:5:   layout_gridlike, tgw_fedhas, lemuel_fruit_tree
Lair:6:   minmay_lair_end_frog_pond, layout_long_grid, slime_dummy,
          gammafunk_ghost_cemetery, serial_bayou_shore_b
Orc:1:    layout_diamond_mine
Orc:2:    grunt_orc_cross, layout_caves, serial_shops, statue_bzr,
          nicolae_lakefront_shop, shop

Skill      XL: |  1  2  3  4  5  6  7  8  9 10 11 12 13 14 15 16 |
---------------+-------------------------------------------------+-----
Armour         | 3 4 5 6 7 8 9 |  9.3
Axes           | 2 4 5 6 7 9 10 11 12 13 14 | 14.2
Shields        | 3 4 5 6 8 9 11 12 13 | 13.6
Fighting       | 4 5 6 7 8 9 11 12 | 12.4
Dodging        | 1 2 3 4 5 |  5.7
Throwing       | 1 6 |  6.4
Invocations    | 5 7 9 11 12 13 14 | 14.0
Stealth        | 2 3 |  3.4
Evocations     | 3 6 7 8 |  8.0

Action                   |  1- 3 |  4- 6 |  7- 9 | 10-12 | 13-15 | 16-18 || total
-------------------------+-------+-------+-------+-------+-------+-------++-------
Melee: War axe           |    78 |    98 |   298 |   636 |   213 |       ||  1323
       Hand axe          |       |       |       |       |  1771 |   173 ||  1944
Throw: Dart              |       |     6 |     3 |     1 |     1 |       ||    11
       Boomerang         |       |       |       |       |    15 |       ||    15
Invok: Upheaval          |       |       |       |     4 |     3 |       ||     7
       Elemental Force   |       |       |       |       |     5 |     3 ||     8
Evoke: Tin of tremorston |       |       |       |       |     1 |     2 ||     3
       Wand              |       |       |       |       |     1 |       ||     1
  Use: Scroll            |     5 |       |    11 |     8 |     8 |       ||    32
       Potion            |       |     1 |     5 |     7 |     2 |     4 ||    19
 Stab: Invisible         |       |       |       |     7 |     4 |       ||    11
       Petrified         |       |       |       |     4 |       |       ||     4
       Paralysed         |       |       |       |       |     8 |       ||     8
       Distracted        |       |       |       |       |     2 |       ||     2
Armor: Scale mail        |    41 |    44 |     5 |       |       |       ||    90
       Chain mail        |       |       |   176 |   218 |   601 |    53 ||  1048
Dodge: Dodged            |    47 |    51 |   179 |   374 |   778 |    47 ||  1476
       Repelled          |       |       |       |       |    17 |       ||    17
Block: Buckler           |    22 |    31 |   120 |    21 |       |       ||   194
       Kite shield       |       |       |       |   637 |  2046 |   188 ||  2871

Table legend: (Time is in decaauts)
 A = Elapsed time spent in this place.
 B = Non-inter-level travel time spent in this place.
 C = Inter-level travel time spent in this place.
 D = Time resting spent in this place.
 E = Time spent auto-exploring this place.
 F = Levels seen in this place.
 G = Mean time per level.
                   A        B        C        D        E       F      G
               +--------+--------+--------+--------+--------+-----+--------+
         Total |  24246 |  23199 |   1047 |   1106 |  12078 |  26 |  932.5 |
       Dungeon |  14956 |  14159 |    797 |    709 |   7450 |  15 |  997.1 |
        Temple |    176 |    176 |      0 |      0 |    125 |   1 |  176.0 |
          Lair |   6460 |   6211 |    249 |    229 |   3778 |   6 | 1076.7 |
  Orcish Mines |   2086 |   2086 |      0 |    162 |    725 |   2 | 1043.0 |
        Bazaar |     87 |     87 |      0 |      0 |      0 |   1 |   87.0 |
        Bailey |    477 |    477 |      0 |      6 |      0 |   1 |  477.0 |
               +--------+--------+--------+--------+--------+-----+--------+

Top non-repeatable levels by time:
    D:13: 1676 daAuts
  Lair:5: 1473 daAuts
     D:4: 1347 daAuts
     D:9: 1297 daAuts
    D:11: 1288 daAuts
     D:3: 1232 daAuts
   Orc:2: 1228 daAuts
    D:12: 1115 daAuts
  Lair:6: 1076 daAuts
  Lair:1: 1046 daAuts
  Lair:3: 1001 daAuts
    D:14: 962 daAuts
  Lair:4: 956 daAuts
    D:15: 935 daAuts
     D:1: 909 daAuts
